 Dungeon Crawl Stone Soup version 0.31.0-32-g396128a36d (webtiles) character file.

Game seed: 5098303778809557616

58 tizbic2 the Shooter (level 3, 0/27 HPs)
             Began as a Demonspawn Hexslinger on Apr 14, 2024.
             Succumbed to an adder's poison
             ... on level 2 of the Dungeon.
             The game lasted 00:04:09 (663 turns).

tizbic2 the Shooter (Demonspawn Hexslinger)          Turns: 663, Time: 00:04:09

Health: 0/27       AC:  2    Str:  8    XL:     3   Next: 76%
Magic:  4/4        EV: 12    Int: 13    God:
Gold:   18         SH:  0    Dex: 17    Spells: 2/4 levels left

rFire   . . .        d - +1 whip (venom)
rCold   . . .        (no shield)
rNeg    . . .        c - +0 robe
rPois   .            (no helmet)
rElec   .            (no cloak)
rCorr   .            (no gloves)
SInv    .            (no boots)
Will    .....        e - amulet of magic regeneration
Stlth   ++           (no ring)
HPRegen 0.24/turn    (no ring)
MPRegen 0.49/turn

%: no passive effects
@: lethally poisoned (0 -> -2)
A: demonic magic 1
a: no special abilities


You were on level 2 of the Dungeon.
You visited 1 branch of the dungeon, and saw 2 of its levels.

You collected 18 gold pieces.

Inventory:

Hand Weapons
 a - a +1 sling
 d - a +1 whip of venom (weapon)
 f - a +0 rapier
Armour
 c - a +0 robe (worn)
Jewellery
 e - an amulet of magic regeneration (around neck)
Scrolls
 b - a scroll of poison
 g - a scroll of identify


   Skills:
 + Level 2.2 Fighting
 * Level 3.2 Ranged Weapons
 - Level 1.7 Dodging
 - Level 1.0 Spellcasting
 - Level 3.0 Hexes
 - Level 0.8 Fire Magic


You had 2 spell levels left.
You knew the following spells:

 Your Spells              Type           Power      Damage    Failure   Level
a - Jinxbite              Hex            16%        N/A       12%         2

Your spell library contained the following spells:

 Spells                   Type           Power      Damage    Failure   Level
 Sigil of Binding         Hex            8%         N/A       24%         3
 Inner Flame              Hex/Fire       5%         N/A       36%         3
 Cause Fear               Hex            4%         N/A       63%         4
 Dimensional Bullseye     Hex/Tloc       2%         N/A       83%         4


Dungeon Overview and Level Annotations

Branches:
Dungeon (2/15)

Altars:
Hepliaklqana


Innate Abilities, Weirdness & Mutations

Spells you cast may paralyse adjacent enemies.


Message History

A ball python comes into view.
The adder closely misses you.
A hobgoblin comes into view.
You miss the adder. The adder bites you. x2
The ball python hisses angrily.
You hit the adder.
The adder is poisoned.
The adder is heavily wounded.
The hobgoblin closely misses you. The adder bites you.
You are poisoned.
The adder poisons you!
You hit the hobgoblin but do no damage.
The hobgoblin is poisoned.
You feel sick. The adder bites you.
You are more poisoned.
The adder poisons you! The hobgoblin hits you.
A goblin comes into view. It is wielding a +0 club.
An endoplasm comes into view.
Found a scroll labelled ADEHIO YGGAJ.
You feel sick.
You kill the adder!
The hobgoblin attacks as it pursues you!
The hobgoblin closely misses you.
A quokka comes into view.
You feel sick.
The hobgoblin attacks as it pursues you!
The hobgoblin misses you.
You closely miss the hobgoblin.
You feel sick. The hobgoblin hits you.
* * * LOW HITPOINT WARNING * * *
Found a purple potion.
* * * LOW HITPOINT WARNING * * *
You feel sick.
The hobgoblin attacks as it pursues you!
The hobgoblin hits you.
* * * LOW HITPOINT WARNING * * *
You aren't carrying any potions.
As you read the scroll labelled NIOH NEFAWO, it crumbles to dust.
It is a scroll of identify.
You don't currently have any unidentified items.
* * * LOW HITPOINT WARNING * * *
You feel sick. The hobgoblin closely misses you.
You aren't carrying any potions.
You die...

.# #### . ...r.# #.
#.....# .## ......#
..##.#....#
#...!#....#########
##.#.##.............
#?.@.#.....# ######.
..#.##.gS...J# ##....
.....###.#.### #..###
##....†.g#.######.##
#..........#......#
#............#.#....#
#...S.....#..#.#.####
#...g.....#.##...#
#g..........##..##


You could see an endoplasm (asleep), a hobgoblin (poisoned) and a ball python.

Vanquished Creatures
  2 adders (D:2)
  4 dart slugs
  2 giant cockroaches
  3 goblins (D:1)
  4 hobgoblins (D:1)
  3 jackals (D:1)
  A ball python (D:1)
  4 bats
  4 frilled lizards (D:1)
  2 kobolds
  5 rats
34 creatures vanquished.

Notes
Turn   | Place    | Note
-------+----------+-------------------------------------------
     0 | D:1      | tizbic2 the Demonspawn Hexslinger began the quest for the
                  | Orb.
     0 | D:1      | Reached XP level 1. HP: 15/15 MP: 2/2
    95 | D:1      | Gained mutation: Spells you cast may paralyse adjacent
                  | enemies. [demonic ancestry]
    95 | D:1      | Reached XP level 2. HP: 21/21 MP: 3/3
   157 | D:1      | Learned a level 2 spell: Jinxbite
   353 | D:1      | Reached XP level 3. HP: 24/27 MP: 2/4
   566 | D:2      | Found a hazy altar of Hepliaklqana.
   661 | D:2      | HP: 1/27 [hobgoblin (2)]
   663 | D:2      | Succumbed to an adder's poison

Illustrated notes

Levels and vault maps discovered:
D:1:      psy_arrival_whirlpool, layout_loops_ring, minmay_statues_item,
          nicolae_eternal_life, minmay_lizard_pond
D:2:      layout_rooms, basic_altar, minmay_pentomino_s4, uniq_jessica,
          uniq_robin, uniq_natasha

Skill      XL: |  1  2  3 |
---------------+----------+-----
Ranged Weapons | 2 3 |  3.2
Fighting       | 2 |  2.2
Dodging        | |  1.7
Spellcasting   | |  1.0
Hexes          | |  3.0
Fire Magic     | |  0.8

Action                     || total
---------------------------++-------
  Melee: Whip              ||    50
   Fire: Sling             ||    38
   Cast: Jinxbite          ||     3
    Use: Scroll            ||     1
   Stab: Paralysed         ||     2
         Sleeping          ||     3
 Armour: Robe              ||    46
  Dodge: Dodged            ||    51
